 Dungeon Crawl Stone Soup version 0.31-a0-1338-gb567cfdca4 (webtiles) character file.

Game seed: 1874206603160996524

213 grandjackal the Trooper (level 5, -2/59 HPs)
             Began as an Oni Warper on Dec 22, 2023.
             Killed from afar by an orc wizard (11 damage)
             ... with a puff of flame
             ... on level 4 of the Dungeon.
             The game lasted 00:03:16 (3066 turns).

grandjackal the Trooper (Oni Warper)                Turns: 3066, Time: 00:03:17

Health: -2/59      AC:  4    Str: 15    XL:     5   Next: 90%
Magic:  8/8        EV:  9    Int: 16    God:
Gold:   79         SH:  0    Dex:  8    Spells: 4/8 levels left

rFire   . . .        n - +0 giant club
rCold   + . .        (shield currently unavailable)
rNeg    . . .        b - +0 robe
rPois   .            (helmet restricted)
rElec   .            f - +0 cloak
rCorr   .            (gloves unavailable)
SInv    .            (boots unavailable)
Will    +....        (no amulet)
Stlth   +            j - ring of protection from cold
HPRegen 0.29/turn    k - ring of willpower
MPRegen 0.11/turn

%: no passive effects
@: no status effects
A: drunken brawling, large, unfitting armour, horns 1, tough skin 1, double
potion healing
a: no special abilities


You were on level 4 of the Dungeon.
You visited 1 branch of the dungeon, and saw 4 of its levels.

You collected 126 gold pieces.
You spent 47 gold pieces at shops.

Inventory:

Hand Weapons
 a - a +0 mace
 n - a +0 giant club (weapon)
Missiles
 d - 7 darts of dispersal (quivered)
 i - 2 datura-tipped darts
Armour
 b - a +0 robe (worn)
 f - a +0 cloak (worn)
Jewellery
 j - a ring of protection from cold (left hand)
 k - a ring of willpower (right hand)
Scrolls
 c - 2 scrolls of blinking
 e - 2 scrolls of amnesia {unknown}
 g - a scroll of teleportation {unknown}
 h - a scroll of enchant weapon {unknown}
 m - a scroll of enchant armour {unknown}
 o - a scroll of acquirement {unknown}
 q - a scroll of revelation {unknown}
Potions
 l - a potion of brilliance
 p - a potion of resistance
 r - a potion of invisibility {unknown}


   Skills:
 + Level 5.8 Fighting
 + Level 4.4 Maces & Flails
 - Level 1.0 Throwing
 - Level 2.1 Dodging
 - Level 2.4 Spellcasting
 - Level 2.6 Translocations


You had 4 spell levels left.
You knew the following spells:

 Your Spells              Type           Power      Damage    Failure   Level
a - Blink                 Tloc           20%        N/A       10%         2
b - Lesser Beckoning      Tloc           20%        N/A       10%         2

Your spell library contained the following spells:

 Spells                   Type           Power      Damage    Failure   Level
 Summon Small Mammal      Summ           4%         N/A       21%         1
 Gell's Gravitas          Tloc           10%        N/A       21%         3
 Teleport Other           Tloc           10%        N/A       21%         3
 Ensorcelled Hibernation  Hex/Ice        2%         N/A       30%         2
 Passwall                 Alch/Erth      0%         N/A       30%         2
 Call Canine Familiar     Summ           1%         N/A       52%         3
 Fugue of the Fallen      Necr           1%         N/A       52%         3
 Ozocubu's Armour         Ice            1%         N/A       52%         3
 Summon Guardian Golem    Hex/Summ       1%         N/A       52%         3
 Swiftness                Air            1%         N/A       52%         3
 Manifold Assault         Tloc           10%        N/A       54%         4
 Vhi's Electric Charge    Tloc/Air       12%        N/A       75%         4
 Dispersal                Tloc           5%         N/A       100%        6


Dungeon Overview and Level Annotations

Branches:
Dungeon (4/15)
 Temple: D:4-7

Altars:
Zin

Shops:
D:1 *


Innate Abilities, Weirdness & Mutations

Whenever you drink a potion that restores your health or magic, you attack all enemies around you.
You are too large for most types of armour.
You have a pair of small horns on your head.
You have tough skin. (AC +1)
Whenever you drink a potion that restores your health or magic, it restores twice as much.


Message History

You barely miss something. Something hits you but does no damage.
You miss something. Something hits you. x2
You miss something.
You hear some strange, mumbled words.
A magic dart appears from out of thin air!
The magic dart hits you!
You closely miss something.
You hear some strange, mumbled words.
A puff of flame appears from out of thin air!
The puff of flame hits you!
You closely miss something.
Something hits you but does no damage. x2
You are too injured to fight recklessly!
You miss something. Your headbutt misses something.
Something hits you but does no damage.
You miss something.
Something hits you but does no damage. x2
You miss something. Something completely misses you.
You miss something. Your headbutt misses something.
Something hits you but does no damage.
You miss something. Something hits you but does no damage.
You hear some strange, mumbled words.
A magic dart appears from out of thin air!
The magic dart hits you.
You barely miss something. Something hits you.
You closely miss something. Something hits you but does no damage.
Something hits you.
You miss something. You headbutt something.
Something hits you but does no damage.
You miss something. Something hits you but does no damage.
You sock something!
You hear some strange, mumbled words.
A puff of flame appears from out of thin air!
The puff of flame hits you!
* * * LOW HITPOINT WARNING * * *
Something hits you.
* * * LOW HITPOINT WARNING * * *
You closely miss something. Your headbutt misses something.
You hear some strange, mumbled words.
A puff of flame appears from out of thin air!
The puff of flame hits you!
You die...

........#### ##
#######....######.#
. #.#.........# .
#.#.#..##### .####
#.#.#...## ##.....
#.#.#....##...#
#.#.#.#go...#
#.#+#.#{##>## #..
..#@##o#
#.......##o#
#.....##.... #.....
.... #.... .....
#.### ..... #
#...... #####.


You could see an orc and a hobgoblin.

Vanquished Creatures
  An ogre (D:3)
  An orc priest (D:2)
  3 adders
  A bombardier beetle (D:3)
  4 orcs
  5 endoplasms
  4 giant cockroaches
  4 hobgoblins
  3 quokkas
  7 ball pythons
  13 bats
  7 frilled lizards
  4 goblins
  5 kobolds
  2 rats
64 creatures vanquished.

Notes
Turn   | Place    | Note
-------+----------+-------------------------------------------
     0 | D:1      | grandjackal the Oni Warper began the quest for the Orb.
     0 | D:1      | Reached XP level 1. HP: 22/22 MP: 3/3
    25 | D:1      | Found Iwigh's Assorted Antiques.
    89 | D:1      | Reached skill level 3 in Fighting
   166 | D:1      | Reached XP level 2. HP: 31/31 MP: 5/5
   172 | D:1      | Learned a level 2 spell: Blink
   194 | D:1      | Learned a level 2 spell: Lesser Beckoning
   624 | D:1      | Reached XP level 3. HP: 39/39 MP: 6/6
  1011 | D:2      | Found a faded altar of an unknown god.
  1021 | D:2      | Reached skill level 4 in Fighting
  1539 | D:2      | Reached XP level 4. HP: 49/49 MP: 7/7
  1919 | D:1      | Bought a fuming red potion for 22 gold pieces
  1919 | D:1      | Bought a scroll labelled AFUKIN ZYHAUM for 25 gold pieces
  2075 | D:3      | Noticed an ogre
  2087 | D:3      | Killed an ogre
  2088 | D:3      | Reached skill level 5 in Fighting
  2088 | D:3      | Reached XP level 5. HP: 52/58 MP: 8/8
  2289 | D:3      | Found a glowing silver altar of Zin.
  3066 | D:4      | Killed from afar by an orc wizard

Illustrated notes

Levels and vault maps discovered:
D:1:      dreamdust_arrival_beginning_and_end, layout_loops_cross, serial_shops,
          nicolae_shop_stone, roderic_roman_lattice
D:2:      layout_basic, dreamdust_ecumenical_altar_statues
D:3:      layout_basic, mainiacjoe_overflow_tiny_flanked, chequers_big_river,
          minmay_quadrilaterals
D:4:      layout_basic, temple_hall

Skill      XL: |  1  2  3  4 |
---------------+-------------+-----
Fighting       | 3 4 5 |  5.8
Maces & Flails | 3 4 |  4.4
Throwing       | |  1.0
Dodging        | |  2.1
Spellcasting   | |  2.4
Translocations | |  2.6

Action                     |  1- 3 |  4- 6 || total
---------------------------+-------+-------++-------
  Melee: Mace              |   123 |    38 ||   161
         Headbutt          |    14 |    18 ||    32
         Giant club        |       |    65 ||    65
   Cast: Blink             |     1 |       ||     1
    Use: Scroll            |       |     4 ||     4
         Potion            |       |     3 ||     3
   Stab: Sleeping          |     1 |     1 ||     2
 Armour: Robe              |   105 |    99 ||   204
  Dodge: Dodged            |    68 |    55 ||   123

Table legend: (Time is in decaauts)
 A = Elapsed time spent in this place.
 B = Non-inter-level travel time spent in this place.
 C = Inter-level travel time spent in this place.
 D = Time resting spent in this place.
 E = Time spent auto-exploring this place.
 F = Levels seen in this place.
 G = Mean time per level.
                   A        B        C        D        E       F      G
               +--------+--------+--------+--------+--------+-----+--------+
         Total |   3130 |   2973 |    157 |    452 |   1943 |   4 |  782.5 |
       Dungeon |   3130 |   2973 |    157 |    452 |   1943 |   4 |  782.5 |
               +--------+--------+--------+--------+--------+-----+--------+

Top non-repeatable levels by time:
     D:3: 1044 daAuts
     D:1: 1014 daAuts
     D:2: 980 daAuts
     D:4: 91 daAuts
